[Event "*** MasterClass Titled Tuesday Blitz"]
[Site "Chess.com"]
[Date "2017.12.12"]
[Round "10"]
[White "jposthuma"]
[Black "amaidel"]
[Result "1/2-1/2"]
[WhiteElo "2346"]
[BlackElo "2482"]
[TimeControl "180+2"]
[EndTime "15:20:45 PST"]
[Termination "Game drawn - insufficient material"]

1. d4 d5 2. c4 c6 3. Nf3 Nf6 4. g3 dxc4 5. Bg2 e6 6. O-O Be7 7. Ne5 O-O 8. Nc3 Nbd7 9. Nxc4 Nb6 10. Ne5 Nfd5 11. Bd2 Bd7 12. Rc1 Rc8 13. Ne4 Be8 14. Nc5 Bxc5 15. dxc5 Nd7 16. Nxd7 Bxd7 17. e4 Nc7 18. Bf4 Re8 19. Qd4 e5 20. Bxe5 Nb5 21.
Qd3 Rxe5 22. Rfd1 Re7 23. Bh3 Rc7 24. a4 Qe8 25. Bg2 Bg4 26. f3 Rcd7 27. Qe3 Bxf3 28. Rxd7 Rxd7 29. axb5 Bxg2 30. bxc6 bxc6 31. Kxg2 Re7 32.
Re1 Re5 33. Re2 Qe7 34. Rd2 g6 35. Qd4 Rxc5 36. Qd8+ Qxd8 37. Rxd8+ Kg7 38. Rd7 Rb5 39. Rxa7 Rxb2+ 40. Kh3 h5 41. Rc7 Rc2 42. g4 Rc3+ 43.
Kh4 hxg4 44. Kxg4 Kf6 45. h4 Rc4 46. Kf4 Ke6 47. Kf3 Rc3+ 48. Kf4 Rc1 49. Kg5 Rg1+ 50. Kh6 Rg4 51. Rxc6+ Kd7 52. Rf6 Rxh4+ 53. Kg7 g5 54. Rxf7+ Ke6 55. Kg6 g4 56. Rf6+ Ke5 57. Kg5 Rh1 58. Rf5+ Kxe4 59. Rf4+ Ke5 60. Rxg4 Rf1 61. Ra4 Rf5+ 62. Kg6 Rf6+ 63. Kg7 Rf4 64. Rxf4 Kxf4 1/2-1/2

[Event "*** MasterClass Titled Tuesday Blitz"]
[Site "Chess.com"]
[Date "2017.12.12"]
[Round "10"]
[White "johannesh"]
[Black "GameOverBro"]
[Result "1/2-1/2"]
[WhiteElo "2322"]
[BlackElo "2253"]
[TimeControl "180+2"]
[EndTime "15:21:11 PST"]
[Termination "Game drawn - insufficient material"]

1. e4 d6 2. d4 Nf6 3. Nc3 e5 4. Nge2 g6 5. g3 Bg7 6. Bg2 O-O 7. O-O c6 8. h3 b5 9. a3 Bb7 10. Be3 Qc7 11. Qd2 Rd8 12. Rad1 Nbd7 13. Bh6 Nb6 14. Bxg7 Kxg7 15. b3 a5 16. f4 a4 17. fxe5 dxe5 18. Qg5 Qe7 19. dxe5 Nfd5 20. Qxe7 Nxe7 21. Rd6 axb3 22.
cxb3 Re8 23. Rdf6 Rf8 24. e6 fxe6 25. Rxf8 Rxf8 26. Rxf8 Kxf8 27. Nd4 e5 28. Ne6+ Kg8 29. Nc5 Bc8 30. a4 bxa4 31. bxa4 Nc4 32. Bf1 Na5 33.
Nd3 Kf7 34. Nxe5+ Ke6 35. Nf3 Kd6 36. e5+ Kc5 37. Ne4+ Kb4 38. Nf6 h6 39. Kf2 Kxa4 40.
Ke3 c5 41. Bd3 c4 42. Be4 Bxh3 43. Nd5 Nxd5+ 44. Bxd5 Kb4 45. e6 Kc5 46. e7 Bd7 47. Bf7 g5 48. e8=Q Bxe8 49. Bxe8 Nb7 50. Bg6 Nd6 51.
Bc2 Kd5 52. Nd2 Ke5 53. Nf3+ Kd5 54. g4 Ne8 55. Bf5 Nf6 56. Nd2 h5 57. gxh5 Nxh5 58. Ne4 Ke5 59. Bg4 Nf4 60. Nxg5 Nd5+ 61. Kd2 Kf4 62. Be6 c3+ 63. Kd3 Kxg5 64. Bxd5 c2 65. Kxc2 1/2-1/2

[Event "*** MasterClass Titled Tuesday Blitz"]
[Site "Chess.com"]
[Date "2017.12.12"]
[Round "10"]
[White "nurmiTV"]
[Black "djano"]
[Result "1-0"]
[WhiteElo "2442"]
[BlackElo "2350"]
[TimeControl "180+2"]
[EndTime "15:21:11 PST"]
[Termination "nurmiTV won by resignation"]

1. e4 c5 2. Nf3 d6 3. d4 cxd4 4. Nxd4 Nf6 5. Nc3 a6 6. g3 Nc6 7. Nde2 b5 8. Bg2 Bb7 9. a3 e6 10. h3 Be7 11. O-O O-O 12. g4 Rb8 13. Ng3 b4 14. axb4 Nxb4 15. g5 Nd7 16. h4 d5 17. exd5 exd5 18. Nxd5 Bxd5 19. Bxd5 Ne5 20. Bg2 Qxd1 21. Rxd1 Nxc2 22. Rxa6 Ng6 23. h5 Nh4 24. Be4 Nb4 25. Ra4 Bc5 26. Bf4 Rbd8 27. Rxd8 Rxd8 28.
Ra8 Rxa8 29. Bxa8 Nd3 30. Be3 Bxe3 31. fxe3 Nxb2 32. Kh2 g6 33. Be4 Nd1 34. Kh3 Nf5 35. Bxf5 gxf5 36. Nxf5 f6 37. Kg4 fxg5 38. Kxg5 Nf2 39.
Kf6 Ng4+ 40. Kg5 Ne5 41. e4 Nd7 42. Kf4 Kf7 43. e5 Nc5 44. Nd4 Kg7 45. Kg5 Ne4+ 46. Kf5 Ng3+ 47. Kg4 Ne4 48. Nf5+ Kf7 49. Kf4 Nc5 50. Nd4 Kg7 51. Kg5 Ne4+ 52. Kg4 Nc5 53. Ne2 Ne6 54. Kf5 Kf7 55. Nf4 Nd4+ 56. Ke4 Nc6 57.
Kd5 Ne7+ 58. Kd6 Nf5+ 59. Kd7 Nd4 60. e6+ Nxe6 61. Nxe6 Kf6 62. Kd6 Kf5 63. Ke7 Kg4 64. Ng7 Kg5 65. Kf7 Kh6 66. Kg8 Kg5 67. Kxh7 Kf6 68. h6 Kf7 1-0

[Event "*** MasterClass Titled Tuesday Blitz"]
[Site "Chess.com"]
[Date "2017.12.12"]
[Round "10"]
[White "A-Fier"]
[Black "tigra"]
[Result "1/2-1/2"]
[WhiteElo "2637"]
[BlackElo "2667"]
[TimeControl "180+2"]
[EndTime "15:22:35 PST"]
[Termination "Game drawn by agreement"]

1. d4 e6 2. c4 b6 3. e4 Bb7 4.
Bd3 Nc6 5. Ne2 Nb4 6. Nbc3 Nxd3+ 7. Qxd3 h6 8. Be3 g5 9. O-O-O Bg7 10. f3 Qe7 11. h4 gxh4 12. Bf4 d6 13. c5 Nf6 14.
cxd6 cxd6 15. Nb5 Rd8 16. Nxa7 Bxe4 17. fxe4 Qxa7 18. Nc3 d5 19. e5 Ne4 20. Nxe4 dxe4 21.
Qxe4 Qxa2 22. Qc6+ Kf8 23. Rxh4 h5 24. Rh3 Qa1+ 25.
Kc2 Qa6 26. Rc3 Kg8 27. Qe4 h4 28. Bg5 Rc8 29. Rd3 Qa4+ 30. Kb1 Re8 31. Bf6 Rh6 32. Bxh4 b5 33. g3 Rh5 34. Qc6 Rb8 35. Ra3 Qb4 36. Qc3 Qf8 37. Ra7 Rf5 38. Rf3 Rc8 39. Qd3 Ra8 40.
Rxa8 Qxa8 41. Rxf5 exf5 42. Qxf5 Qh1+ 43. Kc2 Qg2+ 44.
Kc3 b4+ 45. Kxb4 Qxb2+ 46. Kc4 Qa2+ 47. Kc3 Qa1+ 48. Kd2 Qxd4+ 49. Ke2 Bxe5 50. Qg5+ Kh7 51. Qh5+ Kg7 52. Qg5+ Kf8 53. Qh6+ Ke8 54. Qc6+ Kf8 55.
Qc8+ Kg7 56. Qf5 Qc4+ 57. Kf2 Qd4+ 58. Kg2 Qd5+ 59. Qf3 Qd2+ 60. Kh3 Qd7+ 61. Kg2 Qe6 62. Qe4 f5 63. Qb7+ Kg6 64. Qf3 Qc4 65. Qe3 Qd5+ 66.
Kh2 Kf7 67. Qg5 Qe6 68. Qd8 Bd6 69. Qg5 Qe5 70. Qh5+ Ke6 71. Qg6+ Kd5 72. Qf7+ Kc6 73.
Qc4+ Bc5 74. Qa6+ Kd5 75. Bf6 Qe4 76. Qa2+ Kd6 77. Qa6+ Kd7 78. Qb5+ Kd6 79. Qa6+ Kd5 80. Qa2+ Kc6 81. Bg5 Bd6 82. Qa8+ Kd7 83. Qa7+ Ke6 84. Qa2+ Qd5 85. Qxd5+ Kxd5 86. Kg2 Ke4 1/2-1/2

[Event "*** MasterClass Titled Tuesday Blitz"]
[Site "Chess.com"]
[Date "2017.12.12"]
[Round "10"]
[White "JSPrepz"]
[Black "Kacparov"]
[Result "1/2-1/2"]
[WhiteElo "2720"]
[BlackElo "2618"]
[TimeControl "180+2"]
[EndTime "15:22:37 PST"]
[Termination "Game drawn by 50-move rule"]

1. e4 c5 2. Nf3 Nc6 3. Bb5 g6 4. Nc3 Bg7 5. O-O Nd4 6. Nxd4 cxd4 7. Ne2 Qb6 8. Bd3 d6 9. a4 Nf6 10. c3 dxc3 11. bxc3 O-O 12. a5 Qc7 13. Bc2 Bd7 14. d4 Bb5 15. Bd3 Bxd3 16. Qxd3 Rac8 17. Bd2 Qc4 18.
Qf3 d5 19. exd5 Nxd5 20. Rfb1 Rc7 21. Rb2 e6 22. Rab1 Qa6 23. h4 h5 24. Nf4 Rd7 25. Nd3 b6 26. axb6 axb6 27. Nf4 Nxf4 28. Bxf4 Rb7 29.
Qc6 Bf6 30. d5 Re7 31. Rxb6 Qd3 32. Bd6 exd5 33. Bxe7 Bxe7 34. g3 Qf3 35. c4 Rd8 36.
cxd5 Qxd5 37. Qc7 Rd7 38. Rb8+ Kg7 39. Qc8 Rd8 40. Qc3+ Bf6 41. Rxd8 Qxd8 42. Qc4 Qd7 43. Rc1 Qe7 44. Qd5 Qa7 45. Rb1 Qe7 46. Rb7 Qe8 47. Kg2 Kg8 48. Rb6 Kg7 49. Ra6 Qe7 50. Ra8 Qc7 51. Qe4 Be5 52. Re8 Bf6 53. Qa8 Kh7 54.
Re4 Qd7 55. Rf4 Kg7 56. Qf3 Be5 57. Re4 Bf6 58. Rb4 Qe7 59. Rb7 Qe6 60. Ra7 Bd4 61. Ra8 Bf6 62. Rb8 Be5 63. Rb7 Bf6 64. Rb3 Bd4 65.
Rd3 Bf6 66. Re3 Qd6 67. Qe4 Qd7 68. Rf3 Qd6 69. Qe8 Qd5 70. Qe3 Qc6 71. Qf4 Qe6 72. Kh2 Qc6 73. Re3 Qd7 74. Qe4 Qd6 75. Rd3 Qb6 76. Qe2 Qc6 77. Qd2 Qe6 78. Rd6 Qe7 79. Rd7 Qe6 80. Qd3 Qb6 81. Kg1 Qe6 82.
Rd6 Qe7 83. Rd7 Qe6 84. Kg2 Qe8 85. Qd5 Kg8 86. Ra7 Kg7 87. Ra8 Qe7 88. Ra6 Be5 89. Qe4 Qc7 90. Rc6 Qb8 91. Rc5 Bf6 92. Rd5 Qc7 93. Qf3 Qe7 94. Rd3 Qe6 95. Rb3 Qe7 96.
Rb7 Qe6 97. Qb3 Qc6+ 98. Qf3 Qe6 99. Kh2 Bd4 100. Rb4 1/2-1/2

[Event "*** MasterClass Titled Tuesday Blitz"]
[Site "Chess.com"]
[Date "2017.12.12"]
[Round "10"]
[White "GMAkobianSTL"]
[Black "Arm-Akiba"]
[Result "1/2-1/2"]
[WhiteElo "2686"]
[BlackElo "2706"]
[TimeControl "180+2"]
[EndTime "15:24:10 PST"]
[Termination "Game drawn by agreement"]

1. d4 Nf6 2. c4 e6 3. Nc3 Bb4 4. Qc2 d6 5. Nf3 Nbd7 6. a3 Bxc3+ 7. Qxc3 b6 8. g3 Bb7 9. Bg2 O-O 10. O-O a6 11. b4 b5 12. Bb2 Nb6 13. Nd2 Bxg2 14. Kxg2 bxc4 15. Nxc4 Nfd5 16. Qd3 Nxc4 17. Qxc4 f5 18. e3 Qg5 19. Bc1 Qh5 20. Ra2 Rf6 21. Qe2 Qg6 22. Rc2 Raf8 23. f4 h5 24. h4 R6f7 25.
Qxa6 Nf6 26. Rf3 Ne4 27. a4 Re7 28. a5 Rb8 29. Qc4 Qe8 30. Bd2 d5 31. Qd3 Qa4 32. Be1 Nd6 33. Rff2 Nc4 34. Ra2 Qb5 35. Rfc2 Ra8 36.
Rc1 Ra6 37. Kf2 Kh7 38. Qc2 Nd6 39. Qe2 Nc4 40. Qc2 Kg6 41. Qa4 c6 42. Qxb5 cxb5 43.
Rac2 Rc7 44. Rc3 Kf7 45. R3c2 Ke8 46. Rc3 Rac6 47. Ke2 Kd7 48. R3c2 Rc8 49. Rc3 Rh8 50. R3c2 Rhc8 51. Rc3 R6c7 52. R3c2 Rc6 53. Rc3 R8c7 54. R3c2 Nxa5 55. Rxc6 Nxc6 56. Ra1 Rb7 57. Kd3 Kc7 58.
Ra6 Rb8 59. Bd2 Kb7 60. Ra1 Rc8 61. Ra2 Nb8 62. Ra5 Kb6 63. Ra8 Rd8 64. Bc3 Rc8 65. Bd2 Re8 66. Bc3 Rd8 67. Bd2 Rc8 68. Bc3 Kb7 69. Ra5 Kc6 70. Ra8 Kd7 71. Ra5 Kc6 72. Ra8 Kb6 73. Bd2 Rd8 74. Bc3 Nc6 75. Rxd8 Nxd8 76.
Bd2 Nb7 77. Be1 Kc7 78. Ke2 Kd7 79. Kf3 Ke7 80. Ke2 Nd6 81. Kf3 Ne4 82. Ke2 Kf7 83. Kf3 Nd6 84. Ke2 Nc4 85. Kf3 Kg6 86. Ke2 Nb2 87.
Bc3 Na4 88. Be1 Nb6 89. Kf3 Nc8 90. Ke2 Na7 91. Kf3 Nc6 92. Ke2 e5 93. fxe5 Nd8 94. Kf3 Ne6 95. Bd2 Kf7 96. Be1 g5 97. hxg5 Kg6 98.
Bd2 Nxg5+ 99. Kg2 Ne4 100. Be1 Kg5 101. Kf3 Kh6 102. Kf4 Kg6 103. Kf3 Kg5 104. Bf2 Nd2+ 105. Ke2 Ne4 106. Kf3 Kg6 107. Be1 Ng5+ 108. Kf4 Ne6+ 109. Kf3 1/2-1/2

[Event "*** MasterClass Titled Tuesday Blitz"]
[Site "Chess.com"]
[Date "2017.12.12"]
[Round "10"]
[White "Bryakin_Mikhail"]
[Black "Yaacovn"]
[Result "1/2-1/2"]
[WhiteElo "2549"]
[BlackElo "2628"]
[TimeControl "180+2"]
[EndTime "15:24:59 PST"]
[Termination "Game drawn by repetition"]

1. d4 Nf6 2. c4 e5 3. dxe5 Ne4 4. Nd2 Bb4 5. Nf3 Nc6 6. a3 Nxd2 7. Bxd2 Bxd2+ 8.
Qxd2 O-O 9. e3 Qe7 10. Qc3 Re8 11. Be2 Nxe5 12. Nxe5 Qxe5 13. Qxe5 Rxe5 14. Bf3 d6 15. Kd2 Bd7 16. Kc3 Rb8 17. a4 a5 18.
Rhd1 b6 19. Rd5 f6 20. b4 axb4+ 21. Kxb4 Kf8 22. Kc3 Ke7 23. a5 bxa5 24. Rdxa5 g5 25. g3 h6 26. Be2 Rxa5 27. Rxa5 Rb7 28. h4 Rb1 29. hxg5 fxg5 30. Ra8 Rh1 31. Rh8 Rh2 32. Rh7+ Kd8 33. Rh8+ Ke7 34. Rh7+ Kd8 35. Rh8+ Be8 36. Bd3 Ke7 37. f4 gxf4 38. exf4 Rh3 39. f5 Rxg3 40. Rxh6 Bf7 41. Kd2 Rg4 42. Kc3 c5 43. Rh8 Rg3 44.
Kd2 Kf6 45. Rh7 Rg4 46. Kc3 Rg3 47. Kd2 Bg8 48. Rd7 Ke5 49. Re7+ Kf6 50. Rd7 d5 51.
cxd5 Ke5 52. Be2 Bxd5 53. f6 Rg2 54. Ke1 Rg6 55. f7 Rf6 56. Bh5 Be6 57. Rc7 Kd6 58.
Ra7 Bc4 59. Kd2 Ke5 60. Re7+ Kd4 61. Rd7+ Ke5 62. Rd8 Bxf7 63. Bxf7 Rxf7 64. Kc3 Rf4 65. Rd7 Rh4 66. Rd8 Ke6 67. Rd1 Rg4 68. Rd2 Ke5 69. Rd1 Ra4 70. Rd8 Rh4 71. Rd7 Rg4 72.
Rd8 Rh4 73. Rd1 Ke6 74. Rd8 Rg4 75. Rd1 Rh4 76. Rd2 Rh1 77. Rd8 Rc1+ 78. Kb2 Rc4 79.
Kb3 Rc1 80. Kb2 Rh1 81. Kc3 Rh4 82. Rd1 Ke5 83. Rd8 Rh1 84. Rd7 Rc1+ 85. Kb2 Rc4 86. Rd8 Rd4 87. Re8+ Kd5 88. Kc3 Rc4+ 89. Kd3 Rd4+ 90.
Kc3 Rh4 91. Rd8+ Kc6 92. Rc8+ Kb6 93. Rb8+ Kc7 94. Rg8 Kc6 95. Rc8+ Kb6 96. Rb8+ Kc7 97. Rg8 Rf4 98. Kd3 Kb6 99. Kc3 Rf1 100. Rb8+ Kc6 101. Rc8+ Kd6 102. Rd8+ Kc7 103. Rg8 Rc1+ 104. Kb2 Rh1 105. Kc3 Rf1 106. Rh8 Kb7 107. Rg8 Kb6 108. Rb8+ Kc7 109. Rh8 Rf4 110. Rg8 Rh4 111. Rf8 Kb7 112. Rg8 Rf4 113. Rh8 Kb6 114. Rb8+ Ka5 115. Ra8+ Kb5 116. Rb8+ Kc6 117. Rc8+ Kd6 118. Rd8+ Kc7 119. Rh8 Rg4 120. Rf8 Rh4 121. Rg8 1/2-1/2